 Dungeon Crawl Stone Soup version 0.26.0-7-g794d0892b4 (webtiles) character file.

Game seed: 16346636088428895261

122 ythm the Gusty (level 5, 0/28 HPs)
             Began as a Tengu Air Elementalist on Jan 12, 2021.
             Succumbed to a worker ant's poison
             ... on level 4 of the Dungeon.
             The game lasted 00:06:01 (2681 turns).

ythm the Gusty (Tengu Air Elementalist)             Turns: 2681, Time: 00:06:02

Health: 0/28       AC:  2    Str:  8    XL:     5   Next: 6%
Magic:  3/10       EV: 13    Int: 17    God:
Gold:   184        SH:  0    Dex: 14    Spells: 8/9 levels left

rFire    . . .     SeeInvis .   h - +0 whip (venom)
rCold    . . .     Faith    .   (no shield)
rNeg     . . .     Spirit   .   a - +0 robe
rPois    .         Reflect  .   (helmet restricted)
rElec    .         Harm     .   (no cloak)
rCorr    .         Rampage  .   (no gloves)
Will     .....                  (boots unavailable)
Stlth    ++........             (no amulet)
HPRegen  0.09/turn              (no ring)
MPRegen  0.12/turn              (no ring)

@: lethally poisoned (0 -> -7)
A: beak, talons 3, able to fly
a: Fly


You were on level 4 of the Dungeon.
You visited 1 branch of the dungeon, and saw 4 of its levels.

You collected 184 gold pieces.

Inventory:

Hand Weapons
 f - a +0 whip
 h - a +0 whip of venom (weapon)
Armour
 a - a +0 robe (worn)
Jewellery
 i - an uncursed ring of ice
 j - an uncursed ring of magical power {unknown}
 k - an uncursed ring of willpower {unknown}
Scrolls
 b - a scroll of fog {unknown}
 c - 2 scrolls of teleportation {unknown}
 d - 2 scrolls of magic mapping {unknown}
 e - 4 scrolls of identify {unknown}
 g - 4 scrolls of enchant weapon {unknown}
 m - a scroll of random uselessness {unknown}
 n - 2 scrolls of fear {unknown}
Potions
 o - a potion of might {unknown}
 p - a potion of attraction {unknown}


   Skills:
 + Level 3.1 Dodging
 + Level 2.9 Stealth
 + Level 2.7 Spellcasting
 + Level 3.0 Conjurations
 + Level 4.8 Air Magic


You had 8 spell levels left.
You knew the following spells:

 Your Spells              Type           Power        Failure   Level
a - Shock                 Conj/Air       60%          3%          1

Your spell library contained the following spells:

 Spells                   Type           Power        Failure   Level
 Swiftness                Air            18%          3%          2
 Static Discharge         Conj/Air       15%          11%         3
 Summon Small Mammal      Summ           8%           19%         1
 Airstrike                Air            9%           24%         4
 Call Imp                 Summ           2%           26%         2
 Call Canine Familiar     Summ           2%           47%         3
 Summon Guardian Golem    Hex/Summ       2%           47%         3
 Summon Lightning Spire   Summ/Air       10%          54%         4
 Lightning Bolt           Conj/Air       7%           69%         5
 Summon Ice Beast         Ice/Summ       2%           87%         4


Dungeon Overview and Level Annotations

Branches:
Dungeon (4/15)
 Temple: D:4-7

Altars:
The Shining One


Innate Abilities, Weirdness & Mutations

You have a beak for a mouth.
You have claws for feet.
You can fly continuously.


Message History

You feel sick.
You feel sick. The worker ant bites you.
* * * LOW HITPOINT WARNING * * *
You aren't carrying any items that you can evoke.
It was a potion of curing.
You feel better. The worker ant bites you!
You hit the worker ant but do no damage.
The worker ant is heavily wounded.
The worker ant bites you.
* * * LOW HITPOINT WARNING * * *
Unknown command.
You hit the worker ant.
The worker ant is poisoned.
You claw the worker ant, but do no damage.
The worker ant is severely wounded.
The hound skeleton closely misses you. The worker ant bites you.
* * * LOW HITPOINT WARNING * * *
You are lethally poisoned!
The worker ant poisons you! The hound skeleton bites you.
* * * LOW HITPOINT WARNING * * *
Unknown command.
You die...

##### ..... #...#
.....
#...######......
#.###........+).)...
.......@######......
#.###..<.B###.......
#...Z...#.......
#...............
#.#.....#.####..
#.#.........
....#.###.##..
##.###.# ..+ ... ...
... ### ..


You could see a worker ant (very poisoned) and a hound skeleton.

Vanquished Creatures
  5 adders
  An ooze (D:1)
  3 dart slugs
  3 worms
  7 leopard geckos
  An orc (D:4)
  6 bats
  3 giant cockroaches
  4 goblins
  6 hobgoblins
  2 quokkas
  2 frilled lizards
  5 kobolds
  A quokka skeleton (D:2)
  5 rats
54 creatures vanquished.

Notes
Turn   | Place    | Note
-------+----------+-------------------------------------------
     0 | D:1      | ythm the Tengu Air Elementalist began the quest for the
                  | Orb.
     0 | D:1      | Reached XP level 1. HP: 10/10 MP: 4/4
   200 | D:1      | Reached XP level 2. HP: 15/15 MP: 3/6
   840 | D:2      | Reached XP level 3. HP: 19/19 MP: 5/7
   921 | D:2      | Found a glowing golden altar of the Shining One.
  1423 | D:2      | Reached XP level 4. HP: 24/24 MP: 6/8
  2674 | D:4      | Gained mutation: You can fly continuously. [Tengu growth]
  2674 | D:4      | Reached XP level 5. HP: 18/28 MP: 2/10
  2680 | D:4      | HP: 1/28 [hound skeleton (2)]
  2681 | D:4      | Succumbed to a worker ant's poison

Illustrated notes

Levels and vault maps discovered:
D:1:      tarquinn_simple_flora_water_e, layout_basic, minmay_misc_feat_chi,
          patterned_corridor
D:2:      layout_basic, tso_altar
D:3:      layout_rooms
D:4:      layout_basic, uniq_sigmund, uniq_ijyb, uniq_grinder

Skill      XL: |  1  2  3  4 |
---------------+-------------+-----
Conjurations   | 2 3 |  3.0
Dodging        | 3 |  3.1
Stealth        | |  2.9
Spellcasting   | |  2.7
Air Magic      | |  4.8

Action                   |  1- 3 |  4- 6 || total
-------------------------+-------+-------++-------
Melee: Whip              |    12 |    31 ||    43
       Peck              |     2 |     6 ||     8
       Kick              |     1 |     7 ||     8
 Cast: Shock             |    55 |    39 ||    94
  Use: Potion            |       |     1 ||     1
 Stab: Sleeping          |     1 |       ||     1
Armor: Robe              |     1 |     4 ||     5
Dodge: Dodged            |    14 |    29 ||    43
